 Dungeon Crawl Stone Soup version 0.22.2-1-ge965b3aba3 (webtiles) character file.

592337 theanonym the Slayer (level 26, 0/226 HPs)
             Began as a Mummy Enchanter on Aug 30, 2021.
             Was an Initiate of Gozag.
             Slain by an orange demon (5 damage)
             ... led by a cacodemon
             ... on level 5 of the Abyss.
             The game lasted 03:31:53 (80073 turns).

theanonym the Slayer (Mummy Enchanter)             Turns: 80073, Time: 03:31:54

Health: 0/226      AC: 34    Str: 25 (31) XL:     26   Next: 71%
Magic:  40/40      EV: 22    Int:  2 (16) God:    Gozag
Gold:   2460       SH: 17    Dex: 17 (18) Spells: 36/51 levels left

rFire    . . .     SeeInvis +   a - +9 demon blade (elec)
rCold    + + .     Gourm    .   S - +2 shield
rNeg     + + +     Faith    .   Y - +2 plate armour {rC+}
rPois    ∞         Spirit   .   p - +2 helmet {SInv}
rElec    .         Reflect  .   q - +1 cloak of Ajenk {rN+ MR+ Regen+}
rCorr    +         Harm     .   m - +2 pair of gloves {Str+3}
MR       +++..                  o - +2 pair of boots {Stlth+}
Stlth    ..........             I - amulet "Cossej" {rN+ Regen+ Str+5}
HPRegen  1.27/turn              H - ring of protection from fire
MPRegen  0.27/turn              Q - ring of Cheibriados's Regard {rCorr rN++ MR- Str+2 Slay+2}

@: agile, gold aura, very slightly contaminated, slowed, lost intelligence, very
slow
A: no food or potions, fire vulnerability, cold resistance 1, negative energy
resistance 3, torment resistance, unbreathing, in touch with death 2
}: 2/15 runes: serpentine, barnacled
a: Potion Petition, Call Merchant, Bribe Branch, Renounce Religion


Innate Abilities, Weirdness & Mutations

You do not eat or drink.
Your flesh is vulnerable to fire.
You are immune to poison.
Your flesh is cold resistant. (rC+)
You are immune to negative energy. (rN+++)
You are immune to unholy pain and torment.
You can survive without breathing.
You are strongly in touch with the powers of death.


   Skills:
 + Level 22.5 Fighting
 - Level 9.3(14.2) Short Blades
 + Level 17.0(17.7) Long Blades
 + Level 18.0 Armour
 - Level 15.0 Dodging
 - Level 2.4 Stealth
 - Level 15.0 Shields
 - Level 13.4 Spellcasting
 + Level 7.9 Hexes
 + Level 8.4 Charms
 - Level 10.0 Air Magic


You had 36 spell levels left.
You knew the following spells:

 Your Spells              Type           Power        Failure   Level  Hunger
b - Passage of Golubria   Tloc           N/A          100%        4    N/A
c - Song of Slaying       Chrm           #.......     4%          2    N/A
d - Spectral Weapon       Hex/Chrm       #.......     11%         3    N/A
t - Deflect Missiles      Chrm/Air       #.........   98%         6    N/A

Your spell library contained the following spells:

 Spells                   Type           Power        Failure   Level  Hunger
 Confusing Touch          Hex            #.....       3%          1    N/A
 Corona                   Hex            #......      3%          1    N/A
 Infusion                 Chrm           #...         3%          1    N/A
 Swiftness                Chrm/Air       #.......     3%          2    N/A
 Slow                     Hex            #.......     6%          2    N/A
 Confuse                  Hex            #.......     12%         3    N/A
 Tukima's Dance           Hex            #.......     12%         3    N/A
 Poisonous Vapours        Pois/Air       #.....       19%         2    N/A
 Shroud of Golubria       Chrm/Tloc      #.........   26%         2    N/A
 Ensorcelled Hibernation  Hex/Ice        #.....       30%         2    N/A
 Cause Fear               Hex            #.........   36%         4    N/A
 Ozocubu's Armour         Chrm/Ice       #.......     45%         3    N/A
 Dazzling Spray           Conj/Hex       #.....       52%         3    N/A
 Inner Flame              Hex/Fire       #.......     52%         3    N/A
 Portal Projectile        Hex/Tloc       #.....       52%         3    N/A
 Summon Guardian Golem    Hex/Summ       #.......     52%         3    N/A
 Silence                  Hex/Air        #.........   56%         5    N/A
 Mephitic Cloud           Conj/Pois/Air  #.......     58%         3    N/A
 Freeze                   Ice            #...         69%         1    N/A
 Magic Dart               Conj           #...         69%         1    N/A
 Sandblast                Erth           #.....       69%         1    N/A
 Sting                    Conj/Pois      #...         69%         1    N/A
 Summon Small Mammal      Summ           #...         69%         1    N/A
 Summon Lightning Spire   Summ/Air       #.......     77%         4    N/A
 Call Imp                 Summ           #.......     83%         2    N/A
 Passwall                 Tmut/Erth      #.......     83%         2    N/A
 Searing Ray              Conj           #.....       83%         2    N/A
 Sticks to Snakes         Tmut           #.......     83%         2    N/A
 Throw Frost              Conj/Ice       #.....       83%         2    N/A
 Leda's Liquefaction      Hex/Erth       #.........   89%         4    N/A
 Call Canine Familiar     Summ           #.......     96%         3    N/A
 Conjure Flame            Conj/Fire      #.......     96%         3    N/A
 Gell's Gravitas          Tloc           #.........   96%         3    N/A
 Recall                   Summ/Tloc      N/A          96%         3    N/A
 Stone Arrow              Conj/Erth      #.....       96%         3    N/A
 Metabolic Englaciation   Hex/Ice        #.........   99%         5    N/A
 Summon Mana Viper        Hex/Summ       #.......     99%         5    N/A
 Yara's Violent Unravell  Hex/Tmut       #.........   99%         5    N/A
 Darkness                 Hex            #.........   99%         6    N/A
 Invisibility             Hex            #.......     99%         6    N/A
 Animate Dead             Necr           N/A          100%        4    N/A
 Force Lance              Conj/Tloc      #.......     100%        4    N/A
 Petrify                  Tmut/Erth      #.......     100%        4    N/A
 Sticky Flame             Conj/Fire      #.......     100%        4    N/A
 Summon Ice Beast         Ice/Summ       #.......     100%        4    N/A
 Throw Icicle             Conj/Ice       #.......     100%        4    N/A
 Bolt of Magma            Conj/Fire/Erth #.........   100%        5    N/A
 Borgnjor's Vile Clutch   Necr/Erth      #.........   100%        5    N/A
 Irradiate                Conj/Tmut      #.........   100%        5    N/A
 Lee's Rapid Deconstruct  Erth           #.........   100%        5    N/A
 Venom Bolt               Conj/Pois      #.........   100%        5    N/A
 Bolt of Cold             Conj/Ice       #.........   100%        6    N/A
 Conjure Ball Lightning   Conj/Air       #.........   100%        6    N/A
 Death Channel            Necr           #.........   100%        6    N/A
 Freezing Cloud           Conj/Ice/Air   #.........   100%        6    N/A
 Ozocubu's Refrigeration  Ice            #.........   100%        6    N/A
 Shadow Creatures         Summ           N/A          100%        6    N/A
 Simulacrum               Ice/Necr       #.........   100%        6    N/A
 Ring of Flames           Chrm/Fire      #.........   100%        7    N/A
 Discord                  Hex            #.........   100%        8    N/A
 Tornado                  Air            #.........   100%        9    N/A
 Regeneration             Chrm/Necr      Unusable     N/A         3    N/A
 Beastly Appendage        Tmut           Unusable     N/A         1    N/A
 Spider Form              Tmut/Pois      Unusable     N/A         3    N/A
 Ice Form                 Ice/Tmut       Unusable     N/A         4    N/A
 Blade Hands              Tmut           Unusable     N/A         5    N/A
 Hydra Form               Tmut           Unusable     N/A         6    N/A
 Statue Form              Tmut/Erth      Unusable     N/A         6    N/A
 Dragon Form              Tmut           Unusable     N/A         7    N/A

Skill      XL: |  1  2  3  4  5  6  7  8  9 10 11 12 13 14 15 16 17 18 19 20 21 22 23 24 25 26 |
---------------+-------------------------------------------------------------------------------+-----
Short Blades   | 1 2 3 4 6 7 8 9 |  9.3
Fighting       | 1 2 3 4 5 7 8 9 10 11 12 13 14 15 17 18 19 21 22 | 22.5
Shields        | 1 2 3 4 5 7 8 9 10 11 12 13 14 15 | 15.0
Armour         | 3 4 6 7 8 9 10 11 13 14 15 16 17 18 | 18.0
Long Blades    | 3 6 8 9 10 12 14 15 16 17 | 17.0
Dodging        | 4 7 10 11 12 13 14 15 | 15.0
Spellcasting   | 7 10 12 13 | 13.4
Charms         | 4 7 8 |  8.4
Air Magic      | 4 7 9 10 | 10.0
Hexes          | 4 6 7 |  7.9
Stealth        | |  2.4

Action                   |  1- 3 |  4- 6 |  7- 9 | 10-12 | 13-15 | 16-18 | 19-21 | 22-24 | 25-27 || total
-------------------------+-------+-------+-------+-------+-------+-------+-------+-------+-------++-------
Melee: Dagger            |   253 |   221 |   671 |   492 |   305 |   212 |    87 |   305 |       ||  2546
       Rapier            |       |    29 |   150 |    92 |       |       |       |       |       ||   271
       Scimitar          |       |       |       |   172 |       |       |       |       |       ||   172
       Demon blade       |       |       |       |   518 |  1487 |  1732 |  2012 |  2137 |  2098 ||  9984
       Double sword      |       |       |       |       |       |       |       |    63 |       ||    63
Throw: Throwing net      |       |       |     1 |     2 |       |       |       |       |       ||     3
 Cast: Spectral Weapon   |       |       |       |       |       |       |       |    20 |    63 ||    83
       Song of Slaying   |       |       |       |       |       |       |       |    17 |     2 ||    19
       Deflect Missiles  |       |       |       |       |       |       |       |     1 |     3 ||     4
Invok: Potion Petition   |       |       |       |     1 |       |       |       |       |     4 ||     5
       Call Merchant     |       |       |       |       |       |     5 |     1 |     4 |     1 ||    11
 Abil: Evoke Flight      |       |       |       |       |       |     1 |       |    10 |       ||    11
       Stop Flying       |       |       |       |       |       |       |       |     1 |       ||     1
Evoke: Wand              |       |     3 |     7 |     3 |    24 |     7 |    23 |    10 |     1 ||    78
       Phantom mirror    |       |       |       |       |       |       |       |     2 |     1 ||     3
  Use: Scroll            |       |     4 |     3 |    18 |    16 |    19 |    16 |    25 |    14 ||   115
 Stab: Sleeping          |       |     1 |       |       |       |       |       |       |       ||     1
       Held in net/web   |       |       |       |     2 |       |       |       |       |       ||     2
       Distracted        |       |       |       |     6 |    13 |    12 |     8 |    11 |    18 ||    68
       Invisible         |       |       |       |     5 |       |       |       |       |     4 ||     9
       Confused          |       |       |       |       |     1 |       |       |     4 |     4 ||     9
       Paralysed         |       |       |       |       |     1 |       |       |       |     2 ||     3
Armor: Ring mail         |    83 |    14 |       |       |       |       |       |       |       ||    97
       Chain mail        |       |    43 |       |       |       |       |       |       |       ||    43
       Plate armour      |       |    59 |   343 |   686 |   865 |   867 |   586 |   866 |   865 ||  5137
Dodge: Dodged            |   113 |    33 |    73 |   187 |   317 |   366 |   365 |   636 |   802 ||  2892
       Deflected         |       |       |       |       |       |       |       |     3 |    26 ||    29
Block: Buckler           |       |    21 |    82 |       |       |       |       |       |       ||   103
       Shield            |       |       |    90 |   565 |   823 |  1283 |  1063 |  1312 |  1347 ||  6483
       Reflection        |       |       |       |    43 |       |       |       |       |       ||    43
       Rpst.: Scimitar   |       |       |       |    11 |       |       |       |       |       ||    11
       Demon blade       |       |       |       |    28 |    72 |    45 |    59 |   109 |   130 ||   443
       Double sword      |       |       |       |       |       |       |       |     4 |       ||     4

Inventory:

Hand Weapons
 a - a +9 demon blade of electrocution (weapon)
   (You bought it in a shop on level 7 of the Dungeon)
 b - a +7 antimagic demon blade
   (You found it on level 1 of the Depths)
 u - the +9 sword of Zonguldrok {reap}
   (You found it in a wizard's laboratory)

   If a monster killed with it leaves a corpse in good enough shape, the corpse
   will be animated as a zombie friendly to the killer.
 w - the +9 dagger of Ymiry {flame, rElec rC+}
   (You took it off an orc on level 10 of the Dungeon)

   It has been specially enchanted to burn those struck by it, causing extra
   injury to most foes and up to half again as much damage against particularly
   susceptible opponents.
   It protects you from cold.
   It insulates you from electricity.
Missiles
 O - 4 throwing nets (quivered)
Armour
 j - the +6 plate armour "Acigoxon" {rPois Str+2}
   (You found it on level 3 of the Lair of Beasts)

   It affects your strength (+2).
   It protects you from poison.
 l - the +5 hat of Hedging {rC- Str+4 Int+5}
   (You found it on level 2 of the Snake Pit)

   It affects your strength (+4).
   It affects your intelligence (+5).
   It makes you vulnerable to cold.
 m - a +2 pair of gloves of strength (worn)
   (You bought it in a shop on level 1 of the Vaults)
 o - a +2 pair of boots of stealth (worn)
   (You bought it in a shop on level 1 of the Vaults)
 p - a +2 helmet of see invisible (worn)
   (You found it on level 11 of the Dungeon)
 q - the +1 cloak of Ajenk (worn) {rN+ MR+ Regen+}
   (You bought it in a shop on level 5 of the Depths)

   It protects you from negative energy.
   It affects your resistance to hostile enchantments.
   It increases your rate of regeneration.
 s - a +2 hat of magic resistance
   (You found it in an ice cave)
 S - a +2 shield (worn)
   (You found it on level 2 of the Shoals)
 Y - a +2 plate armour of cold resistance (worn)
   (You took it off an orc warrior on level 2 of the Orcish Mines)
Jewellery
 g - an uncursed ring of wizardry
   (You bought it in a shop on level 14 of the Dungeon)
 h - the ring "Jycoblun" {Fire Slay+2}
   (You acquired it on level 12 of the Dungeon)

   [ring of fire]

   It enhances your fire magic.
   It affects your accuracy and damage with ranged weapons and melee attacks
   (+2).
   It protects you from fire.
   It makes you vulnerable to cold.
 A - the ring "Uwoxkej" {rElec rPois rF+ Int-4 Stlth-}
   (You found it on level 3 of the Depths)

   [ring of attention]

   It affects your intelligence (-4).
   It protects you from fire.
   It insulates you from electricity.
   It protects you from poison.
   It makes you less stealthy.
 E - an uncursed ring of see invisible
   (You found it on level 6 of the Lair of Beasts)
 H - a ring of protection from fire (left hand)
   (You took it off a centaur on level 12 of the Dungeon)
 I - the amulet "Cossej" (around neck) {rN+ Regen+ Str+5}
   (You bought it in a shop on level 14 of the Dungeon)

   [amulet of regeneration]

   It affects your strength (+5).
   It protects you from negative energy.
   It increases your rate of regeneration.
 J - an uncursed ring of protection from cold
   (You found it on level 11 of the Dungeon)
 Q - the ring of Cheibriados's Regard (right hand) {rCorr rN++ MR- Str+2 Slay+2}
   (You bought it in a shop on level 1 of the Snake Pit)

   [ring of resist corrosion]

   It affects your strength (+2).
   It affects your accuracy and damage with ranged weapons and melee attacks
   (+2).
   It greatly protects you from negative energy.
   It affects your resistance to hostile enchantments.
 U - an uncursed ring of flight
   (You took it off a merfolk on level 4 of the Shoals)
Wands
 c - a wand of clouds (2)
   (You found it on level 2 of the Shoals)
 d - a wand of digging (48)
   (You found it on level 3 of the Shoals)
 e - a wand of disintegration (17)
   (You found it on level 1 of the Vaults)
 v - a wand of acid (26)
   (You found it on level 9 of the Dungeon)
 C - a wand of scattershot (5)
   (You found it on level 3 of the Snake Pit)
Scrolls
 f - 4 scrolls of fog
 i - 5 scrolls of silence
 k - 10 scrolls of enchant armour
 n - 29 scrolls of remove curse
 r - 15 scrolls of identify
 t - 24 scrolls of teleportation {!r}
 x - a scroll of summoning
 y - 9 scrolls of magic mapping
 z - 4 scrolls of brand weapon
 B - 6 scrolls of blinking
 L - 8 scrolls of immolation
 P - 3 scrolls of fear
 R - 3 scrolls of noise
 X - 3 scrolls of torment
Miscellaneous
 G - 3 phantom mirrors
 M - a fan of gales
   (You found it on level 3 of the Snake Pit)
 W - a lamp of fire
   (You found it on level 4 of the Shoals)


You were on level 5 of the Abyss.
You worshipped Gozag.
Gozag was most pleased with you.
You were not hungry.

You visited 10 branches of the dungeon, and saw 45 of its levels.
You visited the Abyss 1 time.
You also visited: Bailey, Ice Cave and Wizlab.

You collected 30883 gold pieces.
You spent 11168 gold pieces at shops.
You paid 17255 gold pieces to Gozag.

Dungeon Overview and Level Annotations

Branches:
Dungeon (15/15)            Temple (1/1) D:7            Lair (6/6) D:11
 Shoals (4/4) Lair:3        Snake (4/4) Lair:2        Slime (0/5) Lair:5
    Orc (2/2) D:12            Elf (3/3) Orc:2        Vaults (3/5) D:13
  Crypt (2/3) Vaults:3     Depths (5/5) D:15            Zot (0/5) Depths:5

Altars:
Ashenzari
Cheibriados
Dithmenos
Elyvilon
Fedhas
Gozag
Hepliaklqana
Kikubaaqudgha
Makhleb
Nemelex Xobeh
Okawaru
Qazlal
Ru
Sif Muna
Trog
Uskayaw
Vehumet
Wu Jian
Xom
Yredelemnul
Zin
The Shining One
Beogh

Shops:
D:7 (=[[   D:9 [   D:12 **   D:14 =   Orc:2 [?(*(?   Elf:1 %(   Elf:3 %
Shoals:4 (   Snake:1 ?[*(   Snake:2 (   Snake:4 =}=*   Vaults:1 *[!*:*
Vaults:2 :   Depths:1 (*   Depths:2 [[**   Depths:3 *?   Depths:5 *

Portals:
Hell: Depths:1 Depths:2 Depths:3 Depths:4 Depths:5
Abyss: Depths:1 Depths:4
Pandemonium: Depths:1 Depths:3 Depths:5
Ziggurat: Depths:3
Trove: Depths:2 (give +4 fire dragon scales)

Annotations:
Lair:2 exclusion: 2 oklob plants
Crypt:2 Mara

.. .## . ....
###. .2.. #.X
..# # #.X##X#
.. ###5#53X#...
##X2R#X345. #
#.XX@XX# ≈.#
#.#hh##4#...#X.
#..4#...≈...X..
#.#h#... ..#..#
#.x..Y.##.#...#
#..## #...#....
#. ..X#..... #.
#.#..X..# # h4
.. ## ..


You could see 4 starcursed masses, a green death, a rakshasa, 2 orange demons, 2
thrashing horrors, 2 large abominations, 2 raiju and an ufetubus.

Notes
Turn   | Place    | Note
-------+----------+-------------------------------------------
     0 | D:1      | theanonym the Mummy Enchanter began the quest for the Orb.
     0 | D:1      | Reached XP level 1. HP: 13/13 MP: 4/4
   181 | D:1      | Reached skill level 1 in Short Blades
   187 | D:1      | theanonym: !lg . urune=15 s=cv
   187 | D:1      | beem: 44 games for theanonym (urune=15): 24x 0.21-a, 10x
                  | 0.22-a, 6x 0.21, 0.24, 0.24-a, 0.15, 0.23-a
   187 | D:1      | theanonym: !lg . urune=15 s=cv%
   187 | D:1      | beem: 44 games for theanonym (urune=15): 24x 0.21-a
                  | (54.55%), 10x 0.22-a (22.73%), 6x 0.21 (13.64%), 0.24
                  | (2.27%), 0.24-a (2.27%), 0.15 (2.27%), 0.23-a (2.27%)
   214 | D:1      | HP: 7/14 [hobgoblin (2)]
   220 | D:1      | HP: 3/14 [hobgoblin (2)]
   500 | D:1      | Reached XP level 2. HP: 20/20 MP: 5/5
   642 | D:1      | Reached skill level 1 in Fighting
   710 | D:1      | HP: 8/21 [rat (3)]
   981 | D:1      | Reached skill level 2 in Short Blades
  1050 | D:1      | Reached XP level 3. HP: 19/26 MP: 7/7
  1914 | D:2      | Noticed Sigmund
  2512 | D:2      | HP: 12/27 [worm (10)]
  2570 | D:2      | HP: 13/27 [kobold/short sword (2)]
  2958 | D:3      | Noticed Robin
  3134 | D:2      | Reached XP level 4. HP: 31/33 MP: 8/8
  3161 | D:3      | Killed Robin
  3161 | D:3      | Reached skill level 2 in Fighting
  3260 | D:3      | Reached skill level 3 in Short Blades
  3978 | D:3      | Reached XP level 5. HP: 35/39 MP: 9/9
  4056 | D:3      | Found a shattered altar of Ashenzari.
  4057 | D:3      | Found an iron altar of Okawaru.
  4057 | D:3      | Found a glowing silver altar of Zin.
  4058 | D:3      | Found a bloodstained altar of Trog.
  4059 | D:3      | Found a hide-covered altar of Uskayaw.
  4386 | D:4      | Reached skill level 1 in Shields
  4499 | D:4      | Found a deep blue altar of Sif Muna.
  4551 | D:4      | Found a sacrificial altar of Ru.
  4657 | D:4      | Reached skill level 3 in Fighting
  4657 | D:4      | Reached XP level 6. HP: 47/47 MP: 10/10
  4689 | D:4      | Reached skill level 4 in Short Blades
  5075 | D:5      | Entered Level 5 of the Dungeon
  5267 | D:5      | Reached skill level 2 in Shields
  5275 | D:5      | Reached XP level 7. HP: 53/53 MP: 11/11
  5508 | D:5      | Got a pair of distressingly furry gloves
  5660 | D:5      | Reached skill level 5 in Short Blades
  5983 | D:5      | Reached skill level 4 in Fighting
  6094 | D:6      | Noticed Pikel
  6119 | D:5      | Killed Pikel
  6119 | D:5      | Reached skill level 6 in Short Blades
  6119 | D:5      | Reached skill level 3 in Shields
  6119 | D:5      | Reached XP level 8. HP: 54/61 MP: 12/12
  6269 | D:6      | Identified the cursed -2 pair of gloves of Nidarpha {rPois
                  | Str+5} (You found it on level 5 of the Dungeon)
  6344 | D:6      | Found an ancient bone altar of Kikubaaqudgha.
  6497 | D:6      | Reached skill level 5 in Fighting
  6743 | D:6      | Noticed Menkaure
  6751 | D:6      | Killed Menkaure
  6756 | D:6      | Noticed an air elemental
  6762 | D:6      | Found a stormy altar of Qazlal.
  6853 | D:6      | Found a hazy altar of Hepliaklqana.
  6938 | D:6      | Reached skill level 4 in Shields
  7397 | D:7      | Found Rayh's Antique Armour Boutique.
  7400 | D:7      | Bought a cloak for 108 gold pieces
  7400 | D:7      | Bought a pair of boots for 108 gold pieces
  7459 | D:7      | Reached skill level 7 in Short Blades
  7522 | D:7      | Found Pock's Armour Emporium.
  7568 | D:7      | Reached XP level 9. HP: 54/69 MP: 13/13
  7669 | D:7      | Reached skill level 1 in Armour
  7680 | D:7      | Found a shimmering altar of Xom.
  7683 | D:7      | Found a hazy altar of Hepliaklqana.
  7686 | D:7      | Found a blossoming altar of Fedhas.
  7689 | D:7      | Found a radiant altar of Vehumet.
  7735 | D:7      | Bought a shiny buckler for 180 gold pieces
  7868 | D:7      | Found Wajoloiw's Antique Weapon Shoppe.
  7888 | D:7      | Found Ischarino's Jewellery Emporium.
  8054 | D:7      | Reached skill level 6 in Fighting
  8237 | D:7      | Found a basalt altar of Yredelemnul.
  8320 | D:7      | Found a staircase to the Ecumenical Temple.
  8326 | Temple   | Entered the Ecumenical Temple
  8750 | D:8      | Reached skill level 2 in Armour
  8836 | D:8      | Noticed Maurice
  8841 | D:8      | Noticed Maurice
  8841 | D:8      | Maurice changed into Maurice the bullfrog
  8850 | D:8      | Killed Maurice the bullfrog
  9023 | D:8      | Noticed Joseph
  9063 | D:8      | Killed Joseph
  9063 | D:8      | Reached skill level 8 in Short Blades
  9394 | D:8      | Reached skill level 3 in Armour
  9485 | D:8      | HP: 34/71 [orc warrior/mace (5)]
  9540 | D:8      | HP: 34/71 [ogre/giant spiked club (7)]
  9546 | D:8      | Reached skill level 7 in Fighting
  9972 | D:9      | Reached XP level 10. HP: 73/79 MP: 14/14
 10428 | D:9      | Found Feurrit's Antique Armour Emporium.
 10639 | D:9      | Reached skill level 9 in Short Blades
 10642 | D:9      | Reached skill level 5 in Shields
 10726 | D:9      | Reached skill level 4 in Armour
 11043 | Temple   | Became a worshipper of Gozag Ym Sagoz the Greedy
 11346 | D:10     | Entered Level 10 of the Dungeon
 11568 | D:10     | Reached skill level 1 in Long Blades
 11765 | D:10     | Noticed a gargoyle
 12087 | D:9      | HP: 37/80 [gargoyle/stone arrow (11)]
 12095 | D:9      | HP: 31/80 [gargoyle/flail (6)]
 12099 | D:9      | Killed a gargoyle
 12099 | D:9      | Reached skill level 2 in Long Blades
 12334 | D:10     | Got a twisted dagger {flame}
 12378 | D:10     | Noticed a centaur warrior
 12411 | D:10     | Killed a centaur warrior
 12411 | D:10     | Reached skill level 8 in Fighting
 12558 | D:10     | Reached skill level 3 in Long Blades
 12600 | D:10     | HP: 39/80 [wight/halberd (6)]
 12605 | D:10     | Reached XP level 11. HP: 33/86 MP: 11/15
 12619 | D:9      | HP: 35/86 [wight/enchanted scimitar (1)]
 13290 | D:11     | Reached skill level 5 in Armour
 13290 | D:11     | Reached skill level 6 in Shields
 13310 | D:11     | Reached skill level 4 in Long Blades
 13476 | D:11     | HP: 42/87 [manticore (11)]
 13484 | D:10     | HP: 19/87 [manticore (5)]
 13817 | D:11     | Found a flagged portal.
 13824 | Bailey   | Entered a bailey
 14018 | Bailey   | Noticed an orc knight
 14056 | Bailey   | Noticed a death drake
 14056 | Bailey   | an orc knight changed into a death drake
 14062 | Bailey   | Killed a death drake
 14278 | D:11     | Noticed a red ugly thing
 14316 | D:10     | Killed a red ugly thing
 14370 | D:7      | Bought a runed demon blade for 432 gold pieces
 14618 | D:2      | Killed Sigmund
 14820 | D:11     | Reached skill level 5 in Long Blades
 15015 | D:11     | Reached skill level 9 in Fighting
 15289 | D:11     | Found a staircase to the Lair.
 16157 | Lair:1   | Entered Level 1 of the Lair of Beasts
 16159 | Lair:1   | Noticed Grum
 16180 | Lair:1   | HP: 44/89 [hippogriff (1)]
 16204 | D:11     | HP: 39/89 [spiny frog (7)]
 16457 | Lair:1   | Killed Grum
 16469 | Lair:1   | Reached skill level 6 in Long Blades
 16469 | Lair:1   | Reached skill level 6 in Armour
 16475 | Lair:1   | Got a scorched helmet
 16658 | Lair:1   | Identified the cursed +0 helmet of Curiosity {rPois Dex+3}
                  | (You found it on level 1 of the Lair of Beasts)
 17001 | Lair:1   | Noticed Nergalle
 17001 | Lair:1   | Noticed Fannar
 17025 | Lair:1   | Killed Nergalle
 17025 | Lair:1   | Reached skill level 7 in Shields
 17025 | Lair:1   | Reached XP level 12. HP: 95/95 MP: 16/16
 17093 | Lair:1   | Killed Fannar
 17160 | Lair:1   | Identified the +9 dagger of Ymiry {flame, rElec rC+} (You
                  | took it off an orc on level 10 of the Dungeon)
 17289 | Lair:1   | Noticed a five-headed hydra
 17314 | Lair:1   | Killed a five-headed hydra
 17654 | Lair:1   | Reached skill level 7 in Long Blades
 17865 | D:7      | Bought a pair of glowing gloves for 180 gold pieces
 18470 | Lair:2   | Reached skill level 10 in Fighting
 18508 | Lair:2   | Noticed a five-headed hydra
 18525 | Lair:2   | Killed a five-headed hydra
 18657 | Lair:2   | Found a staircase to the Snake Pit.
 18831 | Lair:2   | Reached skill level 7 in Armour
 18852 | Lair:2   | HP: 46/97 [killer bee (4)]
 18857 | Lair:2   | Reached skill level 8 in Long Blades
 19315 | Lair:2   | Noticed a death yak
 19315 | Lair:2   | Noticed a death yak
 19315 | Lair:2   | Noticed a death yak
 19315 | Lair:2   | Noticed a death yak
 19340 | Lair:2   | Killed a death yak
 19345 | Lair:2   | Noticed a death yak
 19347 | Lair:2   | Noticed a death yak
 19350 | Lair:2   | Killed a death yak
 19360 | Lair:2   | Killed a death yak
 19360 | Lair:2   | Reached skill level 8 in Shields
 19369 | Lair:2   | Killed a death yak
 19381 | Lair:2   | Killed a death yak
 19381 | Lair:2   | Gained mutation: You are in touch with the powers of death.
                  | [Mummy growth]
 19381 | Lair:2   | Reached XP level 13. HP: 65/104 MP: 17/17
 20384 | Lair:3   | Identified the +6 plate armour "Acigoxon" {rPois Str+2}
                  | (You found it on level 3 of the Lair of Beasts)
 20477 | Lair:3   | Found a staircase to the Shoals.
 20505 | Lair:3   | HP: 49/104 [eight-headed hydra (8)]
 21028 | Lair:3   | Reached skill level 9 in Long Blades
 21649 | Lair:4   | Noticed Sonja
 21667 | Lair:4   | Killed Sonja
 22095 | Lair:4   | Reached skill level 8 in Armour
 22521 | Lair:5   | Reached skill level 11 in Fighting
 22817 | Lair:5   | Identified the +8 falchion "Kiskoib" {vamp, +Fly rPois}
                  | (You found it on level 5 of the Lair of Beasts)
 23175 | Lair:5   | Found a staircase to the Slime Pits.
 23516 | Lair:6   | Entered Level 6 of the Lair of Beasts
 23824 | Lair:6   | Reached skill level 9 in Shields
 23989 | Lair:6   | Noticed Josephine
 24002 | Lair:6   | Killed Josephine
 24155 | Lair:6   | Noticed a fire dragon
 24268 | Lair:6   | Found a runed door.
 24282 | Lair:6   | Noticed a fire dragon
 24589 | D:12     | Noticed Erolcha
 24597 | D:12     | Killed Erolcha
 24663 | D:12     | Found a runed gate.
 24678 | D:12     | Found an opulent altar of Gozag.
 24723 | D:12     | Noticed Frances
 24729 | D:12     | Reached XP level 14. HP: 105/114 MP: 18/18
 24746 | D:12     | Killed Frances
 24915 | D:12     | Found a staircase to the Orcish Mines.
 25038 | D:12     | Reached skill level 9 in Armour
 25271 | D:12     | Found a runed door.
 25316 | D:12     | Found a runed gate.
 25316 | D:12     | Found a runed gate.
 25316 | D:12     | Noticed HoaS's ghost (journeyman GrBe)
 25318 | D:12     | Found Movehore's Assorted Antiques.
 25319 | D:12     | Found Wetet's Assorted Antiques.
 25443 | D:12     | Found a runed door.
 25447 | D:12     | Found a runed door.
 25470 | D:12     | Reached skill level 12 in Fighting
 25841 | D:12     | Reached skill level 10 in Long Blades
 25916 | D:12     | Identified a scroll of acquirement
 25919 | D:12     | Got a translucent platinum ring
 25920 | D:12     | Identified the ring "Jycoblun" {Fire Slay+2} (You acquired
                  | it on level 12 of the Dungeon)
 26634 | D:13     | Reached skill level 10 in Shields
 26815 | D:13     | Found a gate to the Vaults.
 27286 | D:14     | You fall through a shaft!
 27286 | D:15     | Entered Level 15 of the Dungeon
 27391 | D:15     | Found a snail-covered altar of Cheibriados.
 27608 | D:14     | HP: 54/116 [cyan ugly thing (13)]
 27623 | D:14     | HP: 55/116 [cyan ugly thing (3)]
 27644 | D:14     | HP: 49/116 [purple ugly thing (5)]
 27660 | D:14     | HP: 52/116 [quasit (1)]
 28048 | D:14     | Found Seunioff's Jewellery Boutique.
 28056 | D:14     | Bought the amulet "Cossej" {rN+ Regen+ Str+5} for 827 gold
                  | pieces
 28373 | D:15     | Reached XP level 15. HP: 122/122 MP: 19/19
 28495 | D:15     | Reached skill level 10 in Armour
 28573 | D:15     | Noticed Kirke
 28596 | D:15     | Killed Kirke
 28776 | D:15     | Reached skill level 11 in Long Blades
 28777 | D:15     | HP: 60/122 [fire dragon (8)]
 28785 | D:15     | HP: 41/122 [fire dragon (5)]
 28903 | D:15     | Found a staircase to the Depths.
 29139 | Orc:1    | Entered Level 1 of the Orcish Mines
 29187 | Orc:1    | HP: 57/122 [orc warrior/enchanted scimitar (10)]
 29396 | Orc:1    | Found a roughly hewn altar of Beogh.
 29592 | Orc:1    | Reached skill level 13 in Fighting
 29650 | Orc:2    | Entered Level 2 of the Orcish Mines
 29650 | Orc:2    | Found Wyquch's Magic Scroll Shop.
 30231 | Orc:2    | Bought a scroll of teleportation for 48 gold pieces
 30231 | Orc:2    | Bought a scroll of fog for 32 gold pieces
 30231 | Orc:2    | Bought a scroll of silence for 120 gold pieces
 30231 | Orc:2    | Bought a scroll of magic mapping for 56 gold pieces
 30231 | Orc:2    | Bought a scroll of teleportation for 48 gold pieces
 30231 | Orc:2    | Bought a scroll of fog for 32 gold pieces
 30231 | Orc:2    | Bought a scroll of magic mapping for 56 gold pieces
 30284 | Orc:2    | Found a staircase to the Elven Halls.
 30364 | Orc:2    | Found Jodul's Antique Armour Boutique.
 30620 | Orc:2    | Found Weabloh's Weapon Boutique.
 30635 | Orc:2    | Paralysed by an orc sorcerer for 3 turns
 30688 | Orc:2    | HP: 53/123 [orc priest/divine providence (16)]
 30714 | Orc:2    | HP: 61/124 [orc warrior/scimitar (9)]
 30721 | Orc:2    | HP: 50/124 [orc warrior/trident (16)]
 30752 | Orc:2    | HP: 54/124 [orc warrior/trident (18)]
 31164 | Orc:2    | Found Kiorav's Antique Weapon Shoppe.
 31203 | Orc:2    | Found Unakhle's Magic Scroll Shoppe.
 31214 | Orc:2    | Found Qoluraapt's Assorted Antiques.
 31220 | Orc:2    | Bought a scroll of enchant weapon for 75 gold pieces
 31220 | Orc:2    | Bought a scroll of summoning for 95 gold pieces
 31220 | Orc:2    | Bought a scroll of immolation for 35 gold pieces
 31220 | Orc:2    | Bought a scroll of identify for 20 gold pieces
 31223 | Orc:2    | Bought a scroll of enchant armour for 142 gold pieces
 31851 | Lair:6   | Reached skill level 11 in Shields
 32637 | Snake:1  | Entered Level 1 of the Snake Pit
 32644 | Lair:2   | Reached skill level 12 in Long Blades
 32783 | Snake:1  | Noticed Nikola
 32795 | Snake:1  | HP: 54/124 [Nikola/chain lightning (26)]
 32797 | Snake:1  | Killed Nikola
 32809 | Snake:1  | HP: 25/124 [black mamba (10)]
 33025 | Snake:1  | Found a frozen archway.
 33034 | IceCv    | Entered an ice cave
 33387 | IceCv    | Reached XP level 16. HP: 131/131 MP: 20/20
 33845 | IceCv    | Noticed an Ice Fiend
 33881 | IceCv    | Killed an Ice Fiend
 34168 | Snake:1  | Noticed Rupert
 34176 | Snake:1  | Killed Rupert
 34239 | Snake:1  | Noticed Louise
 34257 | Snake:1  | HP: 60/132 [Louise/stone arrow (13)]
 34260 | Snake:1  | Killed Louise
 34260 | Snake:1  | Reached skill level 11 in Armour
 34388 | Snake:1  | Found Taray's Magic Scroll Emporium.
 34397 | Snake:1  | Bought a scroll of blinking for 112 gold pieces
 34397 | Snake:1  | Bought a scroll of teleportation for 45 gold pieces
 34397 | Snake:1  | Bought a scroll of blinking for 112 gold pieces
 34397 | Snake:1  | Bought a scroll of teleportation for 45 gold pieces
 34397 | Snake:1  | Bought a scroll of silence for 112 gold pieces
 34399 | Snake:1  | Bought a wand of acid (7) for 184 gold pieces
 34399 | Snake:1  | Bought a translucent jade ring for 115 gold pieces
 34399 | Snake:1  | Bought a scroll of enchant armour for 172 gold pieces
 34399 | Snake:1  | Bought a scroll of enchant armour for 172 gold pieces
 34399 | Snake:1  | Bought a scroll of enchant weapon for 172 gold pieces
 34400 | Snake:1  | Identified the ring of Cheibriados's Regard {rCorr rN++ MR-
                  | Str+2 Slay+2} (You bought it in a shop on level 1 of the
                  | Snake Pit)
 35063 | Snake:2  | Noticed Agnes
 35077 | Snake:2  | Killed Agnes
 35259 | Snake:2  | Got a crude hat
 35260 | Snake:2  | Identified the +5 hat of Hedging {rC- Str+4 Int+5} (You
                  | found it on level 2 of the Snake Pit)
 35446 | Snake:2  | Bought a jewelled long sword for 204 gold pieces
 35446 | Snake:2  | Identified the +5 long sword of the Owl {elec, +Rage rPois
                  | rC+} (You bought it in a shop on level 2 of the Snake Pit)
 35570 | Snake:2  | Reached skill level 14 in Fighting
 36073 | Snake:3  | Got a wavering steel amulet
 36074 | Snake:3  | Identified the amulet "Zaof" {RegenMP rPois MP+9} (You
                  | acquired it on level 3 of the Snake Pit)
 36214 | Snake:3  | Learned a level 4 spell: Passage of Golubria
 36432 | Snake:4  | Entered Level 4 of the Snake Pit
 36693 | Snake:4  | Reached skill level 12 in Shields
 36815 | Snake:4  | HP: 61/134 [guardian serpent (9)]
 36999 | Snake:4  | Reached XP level 17. HP: 97/140 MP: 21/21
 37244 | Snake:4  | Reached skill level 12 in Armour
 37515 | Snake:4  | Reached skill level 15 in Fighting
 37766 | Snake:4  | HP: 62/142 [nagaraja/halberd (17)]
 37771 | Snake:4  | HP: 41/142 [naga warrior/war axe (13)]
 38094 | Snake:4  | Found Mem Mima's Jewellery Shoppe.
 38094 | Snake:4  | Found Esealack's Gadget Boutique.
 38095 | Snake:4  | Found Sapn's Jewellery Shoppe.
 38295 | Snake:4  | HP: 69/142 [shock serpent/bolt of electricity (20)]
 38297 | Snake:4  | HP: 30/142 [shock serpent (11)]
 38302 | Snake:4  | HP: 30/142 [naga warrior/short sword (3)]
 38856 | Snake:4  | Reached skill level 13 in Shields
 39140 | Snake:4  | HP: 71/143 [naga sharpshooter/bolt (22)]
 39147 | Snake:4  | HP: 66/143 [naga sharpshooter/bolt (8)]
 39153 | Snake:4  | Got a serpentine rune of Zot
 39306 | Snake:4  | Bought a phantom mirror for 660 gold pieces
 39306 | Snake:4  | Bought a phantom mirror for 660 gold pieces
 39522 | D:12     | Killed HoaS's ghost
 39632 | D:12     | Bought a scroll of teleportation for 81 gold pieces
 39632 | D:12     | Bought a scroll of enchant armour for 202 gold pieces
 39633 | D:12     | Bought a scroll of enchant weapon for 142 gold pieces
 39886 | Shoals:1 | Entered Level 1 of the Shoals
 40076 | Shoals:1 | Reached skill level 13 in Armour
 40079 | Shoals:1 | HP: 60/144 [merfolk/trident (13)]
 40084 | Shoals:1 | HP: 33/144 [merfolk/trident (15)]
 40093 | Shoals:1 | HP: 37/144 [merfolk/glaive (1)]
 40615 | Shoals:1 | Reached XP level 18. HP: 151/151 MP: 22/22
 41100 | Shoals:2 | Reached skill level 16 in Fighting
 42962 | Shoals:3 | Noticed Polyphemus
 43016 | Shoals:3 | Killed Polyphemus
 43411 | Shoals:4 | Entered Level 4 of the Shoals
 43478 | Shoals:4 | HP: 72/153 [faun/quarterstaff (10)]
 43486 | Shoals:4 | HP: 48/153 [snapping turtle (16)]
 43772 | Shoals:4 | HP: 75/153 [merfolk/spear of venom (11)]
 43781 | Shoals:4 | Reached skill level 14 in Shields
 44296 | Shoals:4 | Noticed Ilsuiw
 44316 | Shoals:4 | Killed Ilsuiw
 44318 | Shoals:4 | HP: 73/153 [manticore (15)]
 44334 | Shoals:4 | HP: 68/153 [satyr/arrow (9)]
 44606 | Shoals:4 | Reached skill level 14 in Armour
 44730 | Shoals:4 | Found Sadyteish's Antique Weapon Boutique.
 44771 | Shoals:4 | Learned a level 6 spell: Deflect Missiles
 44950 | Shoals:4 | Reached skill level 17 in Fighting
 45078 | Shoals:4 | Got a barnacled rune of Zot
 45490 | Elf:1    | Entered Level 1 of the Elven Halls
 45711 | Elf:1    | Found Uxkoudwo's Weapon Shop.
 45772 | Elf:1    | Reached XP level 19. HP: 147/161 MP: 23/23
 45951 | Elf:1    | Found a runed door.
 45951 | Elf:1    | Noticed Gaimp's ghost (adept NaTm)
 45979 | Elf:1    | Found Iggije's Food Emporium.
 45987 | Elf:1    | HP: 74/161 [deep elf archer/arrow (9)]
 46004 | Elf:1    | HP: 72/161 [orange demon[a deep elf mage] (8)]
 46010 | Elf:1    | HP: 71/161 [air elemental/tornado (4)]
 46022 | Elf:1    | HP: 65/161 [deep elf archer/arrow (11)]
 46039 | Elf:1    | HP: 59/161 [deep elf archer/arrow (13)]
 46063 | Elf:1    | HP: 71/161 [deep elf archer/arrow (5)]
 46068 | Elf:1    | HP: 68/161 [deep elf archer/arrow (7)]
 46561 | Elf:1    | Identified the Grimoire of Arcane Weapons
 47096 | Elf:1    | Killed Gaimp's ghost
 47456 | Elf:2    | Found a runed gate.
 47456 | Elf:2    | Found a runed gate.
 47456 | Elf:2    | Found a runed gate.
 47682 | Elf:2    | HP: 79/161 [deep elf mage/bolt of magma (14)]
 47689 | Elf:2    | HP: 68/161 [earth elemental[a deep elf mage] (13)]
 47710 | Elf:2    | HP: 72/161 [rust devil[a deep elf mage] (5)]
 47947 | Elf:2    | HP: 79/162 [deep elf mage/bolt of lightning (8)]
 48101 | Elf:2    | Reached skill level 15 in Shields
 48219 | Elf:2    | Reached skill level 2 in Dodging
 48482 | Elf:2    | HP: 73/163 [vampiric glaive (15)]
 48719 | Elf:2    | Reached skill level 3 in Dodging
 49411 | Elf:3    | Entered Level 3 of the Elven Halls
 49663 | Elf:3    | Reached skill level 18 in Fighting
 49710 | Elf:3    | Reached skill level 15 in Armour
 49834 | Elf:3    | Found Ytelem's Food Shoppe.
 50475 | Elf:3    | Noticed a Brimstone Fiend
 50478 | Elf:3    | Noticed a Brimstone Fiend
 50479 | Elf:3    | Reached skill level 4 in Dodging
 50596 | Elf:3    | Reached XP level 20. HP: 170/170 MP: 24/24
 50787 | Elf:3    | Noticed Saint Roka
 50810 | Elf:3    | HP: 75/171 [acid (14)]
 50823 | Elf:3    | HP: 73/172 [Saint Roka/divine providence (11)]
 50827 | Elf:3    | HP: 24/172 [deep elf annihilator/iron shot (41)]
 51068 | Elf:3    | Reached skill level 5 in Dodging
 51734 | Elf:3    | Reached skill level 6 in Dodging
 51762 | Elf:3    | HP: 78/172 [deep elf annihilator/crystal spear (23)]
 51771 | Elf:3    | HP: 73/172 [deep elf high priest/scythe of protection (1)]
 51979 | Elf:3    | Killed Saint Roka
 52224 | Elf:3    | Identified the Handbook of the Oath and the Volcanoes
 52398 | Elf:3    | Identified the Almanac of Snow and Beguiling
 52718 | Vaults:1 | Entered Level 1 of the Vaults
 52718 | Vaults:1 | Found Peirphuca's Book Shop.
 52884 | Vaults:1 | Reached skill level 19 in Fighting
 53110 | Vaults:1 | Reached skill level 7 in Dodging
 53220 | Vaults:1 | Found Titol's Assorted Antiques.
 53233 | Vaults:1 | Bought a scroll of immolation for 101 gold pieces
 53233 | Vaults:1 | Bought a scroll of magic mapping for 101 gold pieces
 53241 | Vaults:1 | Found Jookk's Assorted Antiques.
 53250 | Vaults:1 | Bought a scroll of teleportation for 129 gold pieces
 53256 | Vaults:1 | Found Jiawina's Armour Shoppe.
 53260 | Vaults:1 | Bought a +1 pair of gloves of strength for 313 gold pieces
 53317 | Vaults:1 | Found Ykkenuum's Distillery.
 53518 | Vaults:1 | Bought a pair of embroidered boots for 240 gold pieces
 53518 | Vaults:1 | Bought a glowing plate armour for 832 gold pieces
 54022 | Vaults:1 | Reached skill level 16 in Armour
 54194 | Vaults:1 | HP: 85/174 [orc knight/enchanted battleaxe (14)]
 54217 | Vaults:1 | HP: 69/175 [fire dragon/blast of flame (22)]
 54424 | Vaults:1 | Reached XP level 21. HP: 169/181 MP: 25/25
 54929 | Vaults:2 | Reached skill level 8 in Dodging
 55169 | Vaults:2 | Reached skill level 20 in Fighting
 55949 | Vaults:2 | Found Jamuyn's Book Shop.
 56175 | Vaults:2 | Reached skill level 9 in Dodging
 57399 | Vaults:3 | Reached skill level 21 in Fighting
 57413 | Vaults:3 | Found a staircase to the Crypt.
 58287 | Crypt:1  | Entered Level 1 of the Crypt
 58516 | Crypt:1  | Noticed Frederick
 58533 | Crypt:1  | Killed Frederick
 58533 | Crypt:1  | Reached skill level 17 in Armour
 58533 | Crypt:1  | Reached skill level 10 in Dodging
 58762 | Crypt:1  | Reached XP level 22. HP: 123/194 MP: 26/26
 58986 | Crypt:1  | HP: 93/194 [revenant/dispel undead (44)]
 59755 | Crypt:1  | Found an ancient bone altar of Kikubaaqudgha.
 59878 | Crypt:1  | Learned a level 2 spell: Song of Slaying
 59882 | Crypt:1  | Learned a level 3 spell: Spectral Weapon
 60215 | Crypt:2  | Noticed Mara
 60221 | Crypt:2  | Noticed Xtahua
 60228 | Crypt:2  | Noticed theanonym's illusion
 60229 | Crypt:2  | Found a magical portal.
 60235 | WizLab   | Entered Zonguldrok's Shrine
 60539 | WizLab   | Noticed an antique lich
 60545 | WizLab   | Killed an antique lich
 60561 | WizLab   | Found the +9 sword of Zonguldrok {reap}
 60646 | Crypt:2  | Noticed theanonym's illusion
 60663 | Crypt:2  | HP: 66/196 [disintegration (61)]
 60683 | Crypt:1  | Reached skill level 22 in Fighting
 60834 | Crypt:2  | Reached skill level 13 in Long Blades
 61247 | Crypt:2  | Noticed theanonym's illusion
 61248 | Crypt:2  | HP: 87/196 [Xtahua (18)]
 61251 | Crypt:2  | HP: 30/196 [Mara/demon whip of venom (18)]
 61904 | Depths:1 | Entered Level 1 of the Depths
 62054 | Depths:1 | Reached skill level 11 in Dodging
 62126 | Depths:1 | Found Mogiss's Blood Bar.
 62804 | Depths:1 | HP: 97/196 [storm dragon/bolt of lightning (19)]
 63059 | Depths:1 | Found a one-way gate to the infinite horrors of the Abyss.
 63230 | Depths:1 | Found a gateway to Hell.
 63309 | Depths:1 | Reached skill level 14 in Long Blades
 63440 | Depths:1 | Found a one-way gate leading to the halls of Pandemonium.
 63592 | Depths:1 | Noticed a golden dragon
 64205 | Depths:1 | Reached XP level 23. HP: 123/203 MP: 27/27
 64492 | Depths:1 | HP: 100/203 [storm dragon/bolt of lightning (11)]
 64697 | Depths:1 | Noticed a juggernaut
 64699 | Depths:1 | Noticed a juggernaut
 64705 | Depths:1 | HP: 85/203 [juggernaut (22)]
 65561 | Depths:1 | Killed a juggernaut
 65636 | Depths:1 | Reached skill level 18 in Armour
 65680 | Depths:1 | Noticed a juggernaut
 65698 | Depths:1 | HP: 97/203 [juggernaut (8)]
 65706 | Depths:1 | Killed a juggernaut
 65706 | Depths:1 | Reached skill level 12 in Dodging
 65706 | Depths:1 | Reached skill level 3 in Spellcasting
 65885 | Depths:1 | Reached skill level 1 in Charms
 65885 | Depths:1 | Reached skill level 1 in Air Magic
 66100 | Depths:1 | Killed a juggernaut
 66402 | Depths:1 | Reached skill level 4 in Spellcasting
 66592 | Depths:1 | Reached skill level 2 in Charms
 66647 | Depths:1 | Reached skill level 2 in Air Magic
 67158 | Depths:2 | HP: 100/203 [titan (16)]
 67163 | Depths:2 | Reached skill level 5 in Spellcasting
 67262 | Depths:2 | Noticed a caustic shrike
 67271 | Depths:2 | Killed a caustic shrike
 67357 | Depths:2 | Reached skill level 3 in Charms
 67442 | Depths:2 | Found a portal to a secret trove of treasure.
 67462 | Depths:2 | Reached skill level 3 in Air Magic
 67539 | Depths:2 | Bought a bound copper ring for 175 gold pieces
 67539 | Depths:2 | Bought a scroll of teleportation for 105 gold pieces
 67539 | Depths:2 | Bought a scroll of fog for 70 gold pieces
 67539 | Depths:2 | Bought a scroll of teleportation for 105 gold pieces
 67539 | Depths:2 | Identified the ring of Rakhov {AC+1 Str-5 Int+6} (You
                  | bought it in a shop on level 2 of the Depths)
 67543 | Depths:2 | Bought a scroll of magic mapping for 133 gold pieces
 67543 | Depths:2 | Bought a wand of digging (17) for 304 gold pieces
 67543 | Depths:2 | Bought a warped zirconium amulet for 190 gold pieces
 67543 | Depths:2 | Identified the amulet "Wuobicapt" {+Rage rC+ Int+3} (You
                  | bought it in a shop on level 2 of the Depths)
 67796 | Depths:2 | Reached skill level 6 in Spellcasting
 67805 | Depths:2 | HP: 99/203 [purple very ugly thing (18)]
 67813 | Depths:2 | HP: 101/203 [brown very ugly thing (2)]
 68055 | Depths:2 | Found Riove's Armour Boutique.
 68779 | Depths:3 | Reached skill level 15 in Long Blades
 68816 | Depths:3 | Noticed a caustic shrike
 68824 | Depths:3 | Killed a caustic shrike
 68824 | Depths:3 | Reached skill level 4 in Charms
 68824 | Depths:3 | Reached skill level 4 in Air Magic
 68919 | Depths:3 | Found Dashrugag's General Store.
 69007 | Depths:3 | Got a smoking brass ring
 69039 | Depths:3 | Bought a scroll of teleportation for 36 gold pieces
 69091 | Depths:3 | Noticed a caustic shrike
 69099 | Depths:3 | Killed a caustic shrike
 69099 | Depths:3 | Reached skill level 7 in Spellcasting
 69153 | Depths:3 | Reached XP level 24. HP: 185/210 MP: 33/33
 69310 | Depths:3 | Found Deutio Ifex's Magic Scroll Emporium.
 69321 | Depths:3 | Bought a scroll of summoning for 190 gold pieces
 69321 | Depths:3 | Bought a scroll of teleportation for 60 gold pieces
 69321 | Depths:3 | Bought a scroll of teleportation for 60 gold pieces
 69321 | Depths:3 | Bought a scroll of teleportation for 60 gold pieces
 69321 | Depths:3 | Bought a scroll of teleportation for 60 gold pieces
 69321 | Depths:3 | Bought a scroll of immolation for 70 gold pieces
 69506 | Depths:3 | Got a twitching amber ring
 69507 | Depths:3 | Identified the ring "Zeokaiss" {*Corrode +Blink rC+ Str+2}
                  | (You found it on level 3 of the Depths)
 69529 | Depths:3 | Reached skill level 5 in Charms
 69536 | Depths:3 | Reached skill level 8 in Spellcasting
 69536 | Depths:3 | Reached skill level 5 in Air Magic
 69555 | Depths:3 | Found a gateway to a ziggurat.
 69685 | Depths:3 | Noticed a juggernaut
 69702 | Depths:3 | HP: 95/210 [juggernaut (24)]
 69704 | Depths:3 | Killed a juggernaut
 69879 | Depths:3 | Got a steaming wooden ring
 69880 | Depths:3 | Identified the ring "Uwoxkej" {rElec rPois rF+ Int-4
                  | Stlth-} (You found it on level 3 of the Depths)
 69881 | Depths:3 | Identified the ring "Kanwagh" {*Tele Str+3} (You took it
                  | off a vampire mage on level 3 of the Depths)
 69951 | Depths:3 | Reached skill level 13 in Dodging
 70800 | Depths:4 | Reached skill level 9 in Spellcasting
 70919 | Depths:4 | Found a snail-covered altar of Cheibriados.
 71080 | Depths:4 | Reached skill level 6 in Charms
 71109 | Depths:4 | Reached skill level 6 in Air Magic
 71384 | Depths:4 | Got a faintly glowing golden amulet
 71494 | Depths:4 | Noticed the Enchantress
 71503 | Depths:4 | Killed the Enchantress
 71796 | Depths:4 | Identified the amulet "Vojas" {Reflect rPois rF- rN+++ MP-9
                  | SH+5} (You took it off a spriggan berserker on level 4 of
                  | the Depths)
 71809 | Depths:5 | Entered Level 5 of the Depths
 71845 | Depths:5 | Reached skill level 3 in Hexes
 72112 | Depths:5 | Reached skill level 10 in Spellcasting
 72397 | Depths:5 | Reached skill level 4 in Hexes
 72790 | D:14     | Bought an uncursed ring of wizardry for 480 gold pieces
 73044 | Depths:5 | Reached skill level 7 in Charms
 73044 | Depths:5 | Reached skill level 7 in Air Magic
 73086 | Depths:5 | Reached XP level 25. HP: 182/217 MP: 35/37
 73529 | Depths:5 | HP: 106/217 [something (21)]
 73535 | Depths:5 | HP: 98/217 [something (4)]
 73546 | Depths:5 | HP: 84/217 [something/bolt of cold (7)]
 73706 | Depths:5 | Found a gate to the Realm of Zot.
 73967 | Depths:5 | Bought the +1 cloak of Ajenk {rN+ MR+ Regen+} for 499 gold
                  | pieces
 73967 | Depths:5 | Bought a scroll of teleportation for 57 gold pieces
 74258 | Snake:1  | Bought a glowing plate armour for 1014 gold pieces
 74556 | Crypt:2  | Killed Xtahua
 74556 | Crypt:2  | Reached skill level 5 in Hexes
 74839 | Crypt:2  | Reached skill level 16 in Long Blades
 74937 | Crypt:2  | Killed Mara
 75713 | Depths:1 | Voluntarily entered the Abyss.
 75842 | Abyss:1  | Found a corrupted altar of Lugonu.
 76407 | Abyss:2  | Reached skill level 11 in Spellcasting
 76742 | Abyss:2  | Reached skill level 8 in Air Magic
 76839 | Abyss:2  | Reached skill level 6 in Hexes
 76899 | Abyss:2  | Reached skill level 14 in Dodging
 76920 | Abyss:3  | Found a corrupted altar of Lugonu.
 77107 | Abyss:4  | Found a corrupted altar of Lugonu.
 77114 | Abyss:5  | Entered Level 5 of the Abyss
 77556 | Abyss:5  | Reached skill level 12 in Spellcasting
 77723 | Abyss:5  | Reached skill level 9 in Air Magic
 77761 | Abyss:5  | Paralysed by accursed screaming for 1 turns
 77872 | Abyss:5  | Found a corrupted altar of Lugonu.
 77905 | Abyss:5  | Found a corrupted altar of Lugonu.
 77992 | Abyss:5  | HP: 103/217 [bone dragon (10)]
 77998 | Abyss:5  | HP: 94/217 [ancient zyme (2)]
 78004 | Abyss:5  | HP: 77/217 [ancient zyme (6)]
 78016 | Abyss:5  | HP: 75/217 [bone dragon (12)]
 78224 | Abyss:5  | Gained mutation: You are strongly in touch with the powers
                  | of death. [Mummy growth]
 78224 | Abyss:5  | Reached XP level 26. HP: 136/224 MP: 19/39
 78256 | Abyss:5  | HP: 112/224 [sixfirhy (3)]
 78267 | Abyss:5  | HP: 112/224 [hell hog (9)]
 78276 | Abyss:5  | HP: 105/224 [hell hog/fireball (8)]
 78283 | Abyss:5  | HP: 110/224 [red devil/trident[a balrug] (1)]
 78682 | Abyss:5  | Reached skill level 13 in Spellcasting
 78909 | Abyss:5  | Reached skill level 7 in Hexes
 79126 | Abyss:5  | HP: 107/226 [profane servitor/demon whip of electrocution
                  | (11)]
 79135 | Abyss:5  | HP: 97/226 [profane servitor/demon whip of electrocution
                  | (9)]
 79140 | Abyss:5  | HP: 101/226 [thrashing horror (6)]
 79148 | Abyss:5  | HP: 83/226 [thrashing horror (2)]
 79156 | Abyss:5  | HP: 76/226 [tentacled starspawn (13)]
 79159 | Abyss:5  | Reached skill level 8 in Charms
 79162 | Abyss:5  | HP: 74/226 [thrashing horror (2)]
 79183 | Abyss:5  | HP: 88/226 [large abomination (6)]
 79222 | Abyss:5  | HP: 112/226 [raiju/living lightning (6)]
 79241 | Abyss:5  | HP: 111/226 [smoke demon/divine providence (11)]
 79254 | Abyss:5  | HP: 110/226 [Executioner (6)]
 79642 | Abyss:5  | Found a corrupted altar of Lugonu.
 79667 | Abyss:5  | Paralysed by you for 3 turns
 79761 | Abyss:5  | Reached skill level 10 in Air Magic
 79968 | Abyss:5  | Reached skill level 17 in Long Blades
 79994 | Abyss:5  | Reached skill level 15 in Dodging
 80025 | Abyss:5  | Lost intelligence.
 80046 | Abyss:5  | HP: 109/226 [large abomination (11)]
 80052 | Abyss:5  | HP: 96/226 [starcursed mass/accursed screaming (9)]
 80052 | Abyss:5  | Paralysed by accursed screaming for 1 turns
 80053 | Abyss:5  | HP: 45/226 [starcursed mass/accursed screaming (8)]
 80060 | Abyss:5  | HP: 34/226 [starcursed mass/accursed screaming (5)]
 80065 | Abyss:5  | HP: 31/226 [starcursed mass/accursed screaming (11)]
 80070 | Abyss:5  | HP: 14/226 [large abomination (24)]
 80073 | Abyss:5  | HP: 5/226 [starcursed mass/accursed screaming (6)]
 80073 | Abyss:5  | Slain by an orange demon

Vanquished Creatures
  4 juggernauts
  An ancient lich (WizLab)
  Mara (Crypt:2)
  Frederick (Crypt:1)
  Xtahua (Crypt:2)
  Saint Roka (Elf:3)
  3 golden dragons
  A profane servitor (Abyss:5)
  3 caustic shrikes
  the Enchantress (Depths:4)
  6 bone dragons
  Nikola (Snake:1)
  5 liches
  The ghost of Gaimp the Alchemist, an adept NaTm of Cheibriados (Elf:1)
  Rupert (Snake:1)
  An Ice Fiend (IceCv)
  A deep elf master archer (Elf:3)
  2 deep elf blademasters
  An Executioner (Abyss:5)
  4 quicksilver dragons
  3 titans
  18 tentacled starspawn
  A kraken (Shoals:3)
  Frances (D:12)
  Polyphemus (Shoals:3)
  6 storm dragons
  Agnes (Snake:2)
  5 ancient champions
  3 thorn hunters
  6 sphinxes
  Kirke (D:15)
  9 nagarajas (Snake:4)
  Ilsuiw (Shoals:4)
  5 tengu reavers
  A revenant (Crypt:1)
  A draconian monk (Abyss:2)
  7 vault wardens
  12 deep elf sorcerers
  Louise (Snake:1)
  4 fire giants
  4 frost giants
  A draconian knight (Depths:5)
  2 iron dragons
  2 balrugs
  A cacodemon (Abyss:5)
  A curse skull (Crypt:1)
  5 ghouls
  8 deep elf elementalists
  A draconian shifter (Abyss:5)
  3 spriggan defenders
  9 ironheart preservers
  A reaper (Abyss:5)
  3 ophanim (Abyss:5)
  22 stone giants
  25 very ugly things
  3 green draconians
  An entropy weaver (Vaults:1)
  10 deep elf annihilators
  5 vampire knights
  2 purple draconians (Depths:5)
  2 lorocyprocas (Abyss:2)
  3 white draconians
  5 deep elf demonologists
  11 spark wasps
  2 black draconians
  2 red draconians (Depths:5)
  13 deep elf death magi
  3 eidola
  15 ettins
  5 merfolk impalers
  A green death (Abyss:5)
  12 fire dragons
  10 merfolk javelineers
  A quicksilver dragon zombie (Abyss:5)
  11 yaktaur captains
  5 jiangshi
  Josephine (Lair:6)
  Fannar (Lair:1)
  6 deep elf high priests (Elf:3)
  The ghost of HoaS the Grappler, a journeyman GrBe of Trog (D:12)
  16 great orbs of eyes
  10 vault guards
  13 ice dragons
  Erolcha (D:12)
  6 spriggan air magi
  6 hydras
  13 rakshasas
  A hell beast (Depths:1)
  11 naga warriors
  A catoblepas (Shoals:3)
  4 merfolk avatars
  An alligator snapping turtle (Shoals:2)
  3 merfolk aquamancers (Shoals:4)
  2 death knights (Vaults:3)
  11 anacondas
  15 centaur warriors
  5 satyrs
  12 ogre magi
  3 tengu warriors
  36 two-headed ogres
  2 deep troll earth magi (Depths:1)
  5 deep troll shamans
  10 death yaks
  8 orc high priests
  10 vampire magi
  8 spriggan berserkers
  2 soul eaters
  15 naga sharpshooters
  5 hell hogs
  7 shock serpents
  2 sun demons (Abyss:5)
  45 thrashing horrors
  23 deep elf knights
  Sonja (Lair:4)
  52 large abominations
  22 wretched stars
  16 skeletal warriors
  Nergalle (Lair:1)
  3 sixfirhies (Abyss:5)
  8 salamander mystics
  11 sea snakes
  A storm dragon skeleton (Abyss:2)
  5 unseen horrors
  9 hell knights
  2 death drakes
  A fire crab (shapeshifter) (Vaults:2)
  3 shadow wraiths
  2 swamp dragons
  3 spatial maelstroms (Abyss:5)
  A glowing orange brain (shapeshifter) (D:12)
  A quicksilver dragon simulacrum (Abyss:5)
  2 flayed ghosts
  7 deep trolls
  A shadow dragon zombie (Abyss:5)
  An infernal demonspawn (Depths:1)
  7 wizards
  8 phantasmal warriors
  5 glowing orange brains
  13 orc knights
  7 naga ritualists
  6 ironbrand convokers
  An obsidian statue (D:12)
  An orange crystal statue (Depths:1)
  16 deep elf archers
  5 lindwurms
  Pikel (D:5)
  11 harpies
  14 necromancers
  9 mana vipers
  10 orc sorcerers
  64 deep elf magi
  4 wolf spiders
  A shining eye (shapeshifter) (Elf:2)
  8 salamanders
  25 ugly things
  A cyclops (shapeshifter) (Depths:5)
  9 manticores
  25 fauns
  A faun (shapeshifter) (Depths:3)
  13 cyclopes
  7 elephants (Lair:6)
  36 starcursed masses
  A centaur zombie (D:12)
  5 worldbinders (Abyss:5)
  2 frost giant zombies
  5 apocalypse crabs (Abyss:5)
  5 merfolk sirens (Shoals:2)
  11 guardian serpents
  39 black mambas
  2 guardian serpents (shapeshifter)
  16 vault sentinels
  23 naga magi
  2 orange demons
  A black mamba (shapeshifter) (Depths:5)
  A spiny frog (shapeshifter) (Depths:4)
  9 spiny frogs
  5 torpor snails (Lair:6)
  18 smoke demons
  2 shock serpent skeletons (Crypt:1)
  8 water nymphs
  Joseph (D:8)
  A gargoyle (D:9)
  4 efreet (Abyss:5)
  2 catoblepas zombies (Crypt:1)
  4 rime drakes (Lair:6)
  5 spectral swamp worms (Depths:2)
  2 hellions (Abyss:5)
  3 tormentors (Abyss:5)
  8 komodo dragons
  A catoblepas skeleton (Crypt:2)
  6 ice devils (IceCv)
  35 yaktaurs
  An anaconda simulacrum (IceCv)
  9 freezing wraiths
  A hydra zombie (Crypt:1)
  A meliai (shapeshifter) (Vaults:3)
  2 hellwings (Abyss:5)
  5 red devils
  6 tengu conjurers
  13 ancient zymes
  A queen bee (shapeshifter) (Abyss:5)
  A queen bee (D:9)
  5 wind drakes
  26 merfolk
  10 hornets
  21 blink frogs
  2 wolf spider simulacra
  10 trolls
  4 tyrant leeches (Lair:6)
  A bog body (Crypt:2)
  2 ice dragon zombies
  A wind drake (shapeshifter) (Elf:1)
  A hydra skeleton (Crypt:1)
  8 snapping turtles
  3 blink frogs (shapeshifter)
  A harpy skeleton (Crypt:2)
  9 hippogriffs
  A dream sheep (shapeshifter) (Depths:3)
  An ettin zombie (Vaults:1)
  A fire dragon zombie (Crypt:1)
  55 raiju
  2 snapping turtles (shapeshifter)
  2 dream sheep (Shoals:2)
  A fire giant simulacrum (Crypt:1)
  35 slime creatures
  15 flying skulls
  8 air elementals
  An ettin skeleton (Crypt:2)
  A spriggan (shapeshifter) (Vaults:1)
  A spriggan (D:9)
  Sigmund (D:2)
  6 dire elephant simulacra (IceCv)
  5 shadows
  4 wyverns
  8 basilisks
  17 water elementals
  7 vampires
  9 ynoxinuls
  17 yaks
  17 humans (D:13)
  3 fire elementals
  Grum (Lair:1)
  12 chaos spawn
  2 hogs (D:15)
  15 wraiths
  2 fire bats (Depths:5)
  4 hungry ghosts
  A basilisk (shapeshifter) (Elf:1)
  Menkaure (D:6)
  3 iron troll simulacra (IceCv)
  10 neqoxecs
  3 steam dragons
  10 wargs
  2 harpy simulacra (IceCv)
  A vampire mosquito (D:12)
  17 small abominations
  3 two-headed ogre zombies (WizLab)
  A soldier ant (shapeshifter) (Vaults:3)
  22 nagas
  A swamp worm (shapeshifter) (Depths:3)
  An acid dragon (Vaults:1)
  10 water moccasins
  2 hydra simulacra (IceCv)
  6 porcupines
  10 hell hounds
  An acid dragon (shapeshifter) (Depths:2)
  A two-headed ogre skeleton (Crypt:2)
  3 floating eyes (Depths:3)
  2 sky beasts
  A swamp drake (Lair:6)
  An alligator simulacrum (IceCv)
  A hornet zombie (D:11)
  42 orc warriors
  3 phantoms
  A merfolk skeleton (Crypt:1)
  3 eyes of draining
  A black bear (D:11)
  A sky beast (shapeshifter) (Depths:1)
  A spiny frog skeleton (Crypt:1)
  19 wolves
  An ettin simulacrum (IceCv)
  7 ice beasts
  8 necrophages
  44 ogres
  14 centaurs
  16 boggarts
  19 crocodiles
  An octopode zombie (Crypt:1)
  An elf zombie (Crypt:1)
  2 big kobolds
  16 bullfrogs
  A komodo dragon zombie (Crypt:2)
  A glowing shapeshifter simulacrum (Vaults:1)
  3 earth elementals
  An elf skeleton (Crypt:2)
  2 wyvern skeletons
  3 scorpions
  10 troll zombies
  55 killer bees
  14 wights
  7 electric eels
  A howler monkey (D:6)
  3 jellies
  A spriggan skeleton (Crypt:1)
  5 crimson imps
  3 bullfrog zombies
  6 draconian simulacra (IceCv)
  3 quasits
  2 iron imps
  5 bullfrog skeletons
  A human zombie (Crypt:1)
  24 orc priests
  A gnoll shaman (D:4)
  8 hounds
  29 orc wizards
  4 centaur skeletons
  A human skeleton (Crypt:1)
  4 iguanas
  2 polar bear simulacra (IceCv)
  7 worker ants
  A troll simulacrum (IceCv)
  A porcupine skeleton (Crypt:1)
  A killer bee zombie (D:8)
  A centaur simulacrum (IceCv)
  8 ogre zombies
  A sky beast zombie (Crypt:1)
  2 bullfrog simulacra (D:12)
  An ogre skeleton (Crypt:1)
  A hound zombie (D:5)
  A felid skeleton (Crypt:1)
  3 human simulacra
  A hound skeleton (D:5)
  A mummy (Crypt:1)
  Robin (D:3)
  12 adders
  12 gnolls
  2 naga simulacra (IceCv)
  4 ogre simulacra
  4 river rats (D:6)
  6 shadow imps
  7 white imps
  3 ufetubi
  An ooze (D:1)
  2 adder zombies
  A lava snake skeleton (Crypt:2)
  4 worms
  3 dart slugs
  8 leopard geckos
  132 orcs
  2 ball pythons
  5 bats
  A bat zombie (D:6)
  7 giant cockroaches
  23 goblins
  12 hobgoblins
  8 jackals
  7 quokkas
  4 frilled lizards
  A giant cockroach zombie (D:6)
  A gnoll zombie (Crypt:2)
  29 kobolds
  A leopard gecko skeleton (D:4)
  2 leopard gecko zombies
  An orc zombie (Crypt:1)
  A quokka zombie (D:5)
  8 rats
  2 rat zombies (D:6)
  5 briar patches
  A bush (Shoals:2)
  4 lurking horrors
  3 plants
  21 starspawn tentacles
  3 tentacles (Shoals:3)
2642 creatures vanquished.

Vanquished Creatures (collateral kills)
  A nagaraja (Snake:4)
  A deep elf annihilator (Elf:3)
  A deep elf death mage (Elf:3)
  A merfolk aquamancer (Shoals:1)
  A wretched star (Abyss:5)
  A sixfirhy (Abyss:5)
  A manticore (Shoals:1)
  A guardian serpent (Snake:4)
  An orange demon (Abyss:5)
  4 merfolk (Shoals:1)
  3 raiju (Abyss:5)
  A large abomination (Abyss:5)
  A snapping turtle (Shoals:1)
  A hippogriff (Shoals:1)
19 creatures vanquished.

Vanquished Creatures (others)
  A tentacled starspawn (Abyss:5)
  28 dancing weapons
  An unseen horror (Vaults:1)
  A naga ritualist (Snake:4)
  A deep elf archer (Elf:2)
  3 deep elf magi (Elf:2)
  A worldbinder (Abyss:5)
  A yaktaur (Vaults:1)
  2 raiju (Abyss:5)
  2 water elementals
  A small abomination (Abyss:5)
  A hound (D:6)
  An adder (D:6)
  A shadow imp (Depths:1)
  2 ufetubi (IceCv)
  A ball lightning (Abyss:5)
  2 orcs (Orc:1)
  2 jackals (D:6)
  9 kobolds (Bailey)
  9 briar patches
  21 fungi
  5 lurking horrors (Abyss:5)
  116 plants
  36 spectral weapons
  32 starspawn tentacles
  5 tentacles (Shoals:3)
285 creatures vanquished.

Grand Total: 2946 creatures vanquished

Table legend:
 A = Turns spent in this place as a percentage of turns spent in the entire game.
 B = Non-inter-level travel turns spent in this place as a percentage of non-inter-level travel turns spent in the entire game.
 C = Inter-level travel turns spent in this place as a percentage of turns spent in this place.
 D = Turns resting spent in this place as a percentage of non-inter-level travel turns spent in this place.
 E = Turns spent auto-exploring this place as a percentage of non-inter-level travel turns spent in this place.
 F = Non-inter-level travel turns spent in this place divided by the number of levels of this place that you've seen.
                   A       B       C       D       E      F
               +-------+-------+-------+-------+-------+----------------------
         Total | 100.0 | 100.0 |   8.9 |  28.3 |  39.9 | 1376.6
       Dungeon |  27.7 |  26.8 |  12.0 |  31.8 |  43.3 | 1302.7
        Temple |   0.4 |   0.4 |  10.1 |   0.0 |  96.2 | 319.0
          Lair |  12.5 |  12.4 |   9.4 |  27.6 |  52.0 | 1506.2
        Shoals |   6.4 |   6.6 |   5.6 |  31.7 |  36.8 | 1210.2
     Snake Pit |   7.0 |   7.2 |   6.0 |  27.6 |  42.7 | 1312.8
  Orcish Mines |   2.9 |   2.8 |  11.3 |  18.7 |  50.8 | 1031.5
   Elven Halls |   8.5 |   8.9 |   4.6 |  30.2 |  36.9 | 2165.0
        Vaults |   7.5 |   7.0 |  15.0 |  15.6 |  55.2 | 1704.3
         Crypt |   4.3 |   4.3 |   9.9 |  31.7 |  35.8 | 1552.5
        Depths |  15.1 |  15.2 |   8.7 |  38.6 |  28.5 | 2212.0
         Abyss |   5.4 |   6.0 |   0.0 |   3.2 |  18.3 | 872.0
        Bailey |   0.5 |   0.5 |   0.0 |  30.4 |   0.5 | 369.0
      Ice Cave |   1.3 |   1.4 |   0.0 |  27.5 |  26.7 | 1010.0
        Wizlab |   0.5 |   0.5 |   0.0 |   6.3 |  10.6 | 395.0
               +-------+-------+-------+-------+-------+----------------------
